 Dungeon Crawl Stone Soup version 0.28-a0-1182-g381e24db82 (webtiles) character file.

Game seed: 12667036126269802576

638 freelancePsychic the Digger (level 7, -1/36 HPs)
             Began as a Gargoyle Earth Elementalist on Dec 16, 2021.
             Slain by Pikel (7 damage)
             ... on level 4 of the Dungeon.
             The game lasted 00:10:32 (4778 turns).

freelancePsychic the Digger (GrEE)                  Turns: 4778, Time: 00:10:33

Health: -1/36      AC:  9    Str: 10 (11) XL:     7   Next: 50%
Magic:  0/13       EV: 11    Int: 17 (20) God:
Gold:   163        SH:  0    Dex:  7 (10) Spells: 11/15 levels left

rFire   . . .      SeeInvis .   h - +2 short sword (speed)
rCold   . . .      Faith    .   (no shield)
rNeg    + . .      Spirit   .   b - +1 robe
rPois   ∞          Reflect  .   (no helmet)
rElec   +          Harm     .   (no cloak)
rCorr   .          Rampage  .   (no gloves)
Will    .....                   (no boots)
Stlth   ++........              (no amulet)
HPRegen 0.12/turn               (no ring)
MPRegen 0.13/turn               (no ring)

@: no status effects
A: sickness immunity, AC +4, negative energy resistance 1, electricity
resistance, torment resistance 1, petrification resistance, hooves 1, iridescent
scales 1, clever 1, MP-powered wands
a: no special abilities


You were on level 4 of the Dungeon.
You visited 1 branch of the dungeon, and saw 4 of its levels.
You also visited: Ossuary.

You collected 163 gold pieces.

Inventory:

Hand Weapons
 h - a +2 short sword of speed (weapon)
Missiles
 c - 52 stones
Armour
 b - a +1 robe (worn)
 k - the +0 buckler of the Bull {rElec SInv}
   (You found it on level 4 of the Dungeon)

   rElec:     It insulates you from electricity.
   SInv:      It lets you see invisible.
Magical Staves
 l - a staff of cold
Jewellery
 s - an amulet of guardian spirit
Scrolls
 f - a scroll of brand weapon
 g - a scroll of silence
 n - 2 scrolls of amnesia
Potions
 i - 4 potions of degeneration
 m - 2 potions of mutation
 q - 2 potions of curing {@q1}
 r - a potion of cancellation


   Skills:
 - Level 1.5 Dodging
 - Level 2.1 Stealth
 + Level 4.5 Spellcasting
 + Level 4.7 Conjurations
 - Level 0.7 Transmutations
 + Level 6.6 Earth Magic


You had 11 spell levels left.
You knew the following spells:

 Your Spells              Type           Power      Damage    Failure   Level
a - Sandblast             Erth           52%        2d12      1%          1
b - Stone Arrow           Conj/Erth      46%        3d9       4%          3

Your spell library contained the following spells:

 Spells                   Type           Power      Damage    Failure   Level
 Passwall                 Tmut/Erth      13%        N/A       4%          2
 Corpse Rot               Necr/Air       6%         N/A       22%         2
 Poisonous Vapours        Pois/Air       6%         N/A       22%         2
 Petrify                  Tmut/Erth      16%        N/A       32%         4
 Malign Gateway           Summ/Tloc      1%         N/A       100%        7
 Summon Horrible Things   Summ           1%         N/A       100%        8


Dungeon Overview and Level Annotations

Branches:
Dungeon (4/15)            Ossuary (visited)
 Temple: D:4-7

Altars:

Shops:
D:1 :((:   D:2 [

Annotations:
D:4 Pikel


Innate Abilities, Weirdness & Mutations

You are immune to sickness and miasma.
Your stone body is resilient. (AC +4)
You are immune to poison.
You resist negative energy. (rN+)
You are resistant to electric shocks. (rElec)
You are resistant to unholy torment.
You are immune to petrification.
You have large cloven feet.
You are partially covered in iridescent scales. (AC +2)
Your mind is acute. (Int +2)
You expend magic power (3 MP) to strengthen your wands.


Message History

Confirm with . or Enter, or press ? or * to list all spells.
Aiming: Sandblast (safe; 1% risk of failure)
Press: ? - help, Shift-Dir - straight line, f/p - lemure
Aim: a lemure (severely wounded, 76% to hit)
The blast of sand hits the lemure!
You kill the lemure!
That felt strangely unrewarding.
You start resting.
Pikel is nearby!
Casting: Sandblast (safe; 1% risk of failure)
Confirm with . or Enter, or press ? or * to list all spells.
Aiming: Stone Arrow (dangerous; 4% risk of failure)
Press: ? - help, Shift-Dir - straight line, f - Pikel
Aim: Pikel, wielding a +1 whip of freezing and wearing a +0 robe (64% to hit)
The stone arrow hits Pikel!
Pikel is moderately wounded.
Casting: Stone Arrow (dangerous; 4% risk of failure)
Confirm with . or Enter, or press ? or * to list all spells.
Aiming: Stone Arrow (dangerous; 4% risk of failure)
Press: ? - help, Shift-Dir - straight line, f/p - Pikel
Aim: Pikel, wielding a +1 whip of freezing and wearing a +0 robe (moderately wounded, 64% to hit)
The stone arrow misses Pikel.
Pikel hits you with a +1 whip of freezing.
Pikel freezes you.
You hit Pikel.
Pikel is moderately wounded.
Pikel says, "Don't tell anyone, but I think Ereshkigal likes me."
Pikel hits you with a +1 whip of freezing!
* * * LOW HITPOINT WARNING * * *
Pikel freezes you.
* * * LOW HITPOINT WARNING * * *
Casting: Stone Arrow (dangerous; 4% risk of failure)
Confirm with . or Enter, or press ? or * to list all spells.
Aiming: Sandblast (safe; 1% risk of failure)
Press: ? - help, Shift-Dir - straight line, f/p - Pikel
Aim: Pikel, wielding a +1 whip of freezing and wearing a +0 robe (moderately wounded, 76% to hit)
The blast of sand hits Pikel!!
Pikel is almost dead.
Pikel hits you with a +1 whip of freezing!
You die...

# #...#...##......###.
..# #
#...##.###.####....#
.# #
................#.!..
.........###....######
.........#.#..........
....#..###.###..#####
#.. #..'.....#..# ..
##.###K###..#####
##...#@#........# #
#.5..###....###.#
.#.#.....5.5..##
.........####.##
.##......# #5#
.........# #.#####.#
..##.....####.......#
.. #.......5.5.#.####
######.####.# #


You could see Pikel.

Vanquished Creatures
  3 lemures (D:4)
  2 elf zombies (Ossuary)
  A scorpion (D:4)
  An orc priest (D:3)
  2 centaur zombies (Ossuary)
  A jelly (D:4)
  Jessica (D:3)
  2 human zombies (Ossuary)
  An orc wizard (D:3)
  Robin (D:3)
  2 mummies (Ossuary)
  5 adders
  4 adder zombies (Ossuary)
  4 worms
  A dart slug (D:3)
  8 orcs (D:3)
  6 bats
  8 endoplasms
  3 giant cockroaches
  10 hobgoblins
  4 jackals (D:2)
  5 quokkas
  4 ball pythons
  3 frilled lizards
  11 goblins
  5 hobgoblin zombies (Ossuary)
  A jackal zombie (Ossuary)
  8 kobolds
  10 kobold zombies (Ossuary)
  9 orc zombies (Ossuary)
  3 rats
  A rat zombie (Ossuary)
130 creatures vanquished.

Notes
Turn   | Place    | Note
-------+----------+-------------------------------------------
     0 | D:1      | freelancePsychic the Gargoyle Earth Elementalist began the
                  | quest for the Orb.
     0 | D:1      | Reached XP level 1. HP: 10/10 MP: 3/3
   299 | D:1      | Found Evocyof's Book Emporium.
   303 | D:1      | Reached XP level 2. HP: 10/15 MP: 3/5
   453 | D:1      | Reached skill level 1 in Conjurations
   508 | D:1      | Found Vacsev's Book Shop.
   595 | D:1      | Reached skill level 4 in Earth Magic
  1061 | D:1      | Found Fourrug's Antique Weapon Boutique.
  1167 | D:1      | Found Jymnir's Weapon Shoppe.
  1486 | D:2      | Reached XP level 3. HP: 19/19 MP: 2/6
  2089 | D:2      | Reached XP level 4. HP: 18/24 MP: 8/8
  2479 | D:2      | Found Awoluj's Antique Armour Boutique.
  2569 | D:3      | Noticed Jessica
  2573 | D:3      | Killed Jessica
  2646 | D:3      | Reached XP level 5. HP: 28/28 MP: 6/9
  2652 | D:3      | Learned a level 3 spell: Stone Arrow
  2735 | D:3      | Reached skill level 5 in Earth Magic
  2916 | D:3      | Found a faded altar of an unknown god.
  3068 | D:3      | Noticed Robin
  3094 | D:3      | Killed Robin
  3214 | D:3      | Gained mutation: Your mind is acute. (Int +2) [potion of
                  | mutation]
  3214 | D:3      | Gained mutation: You have large cloven feet. [potion of
                  | mutation]
  3214 | D:3      | Gained mutation: You are partially covered in iridescent
                  | scales. (AC +2) [potion of mutation]
  3214 | D:3      | Gained mutation: You expend magic power (3 MP) to
                  | strengthen your wands. [potion of mutation]
  3223 | D:3      | Reached XP level 6. HP: 19/32 MP: 4/11
  3610 | D:4      | Identified the +0 buckler of the Bull {rElec SInv}
  3625 | D:4      | Found the necklace of Bloodlust {*Rage Will++ Int-3 Slay+6}
  3894 | D:4      | Noticed Pikel
  3932 | D:4      | Found a sand-covered staircase.
  3937 | Ossuary  | Entered an ossuary
  4237 | Ossuary  | Reached skill level 6 in Earth Magic
  4254 | Ossuary  | Reached XP level 7. HP: 29/36 MP: 4/13
  4778 | D:4      | Slain by Pikel

Illustrated notes

Levels and vault maps discovered:
D:1:      co_arrival_random_square_maze, layout_loops_ring, serial_shops,
          nicolae_lakefront_shop, shop, shop, nicolae_shop_waterfront,
          corexii_hall_statues_s, bh_walls_and_bars
D:2:      layout_basic, serial_shops, nicolae_shop_advertising_works
          [nicolae_subvault_shop_adworks]
D:3:      layout_rooms, hellmonk_ecumenical_altar_arch_garden,
          nicolae_elevator_lobby_asterisk, uniq_robin, uniq_jessica
D:4:      layout_loops_cross, nicolae_ossuary_entry_plus, uniq_blork_the_orc,
          uniq_pikel

Skill      XL: |  1  2  3  4  5  6 |
---------------+-------------------+-----
Conjurations   | 1 2 3 4 |  4.7
Earth Magic    | 4 5 6 |  6.6
Spellcasting   | 3 4 |  4.5
Dodging        | |  1.5
Stealth        | |  2.1
Transmutations | |  0.7

Action                   |  1- 3 |  4- 6 |  7- 9 || total
-------------------------+-------+-------+-------++-------
Melee: Dagger            |    25 |       |       ||    25
       Unarmed           |     1 |       |       ||     1
       Short sword       |    45 |   120 |    27 ||   192
       Kick              |       |    14 |     4 ||    18
 Cast: Sandblast         |    25 |    82 |    37 ||   144
       Stone Arrow       |       |       |     2 ||     2
  Use: Potion            |       |     3 |     4 ||     7
       Scroll            |       |     1 |     7 ||     8
 Stab: Sleeping          |       |     1 |       ||     1
Armor: Robe              |    33 |    43 |    28 ||   104
Dodge: Dodged            |    60 |    74 |    28 ||   162

Table legend: (Time is in decaauts)
 A = Elapsed time spent in this place.
 B = Non-inter-level travel time spent in this place.
 C = Inter-level travel time spent in this place.
 D = Time resting spent in this place.
 E = Time spent auto-exploring this place.
 F = Levels seen in this place.
 G = Mean time per level.
                   A        B        C        D        E       F      G
               +--------+--------+--------+--------+--------+-----+--------+
         Total |   4726 |   4648 |     78 |    113 |   3501 |   5 |  945.2 |
       Dungeon |   3948 |   3870 |     78 |     18 |   3084 |   4 |  987.0 |
       Ossuary |    778 |    778 |      0 |     95 |    417 |   1 |  778.0 |
               +--------+--------+--------+--------+--------+-----+--------+

Top non-repeatable levels by time:
     D:1: 1404 daAuts
     D:2: 1134 daAuts
     D:3: 1008 daAuts
 Ossuary: 778 daAuts
     D:4: 400 daAuts
